 Dungeon Crawl Stone Soup version 0.26-a0-737-g4e9f4955e2 (webtiles) character file.

Game seed: 17665339798686669019

6472 glueburn the Geomancer (level 10, 0/72 HPs)
             Began as a Troll Earth Elementalist on Nov 5, 2020.
             Was a Priest of Hepliaklqana.
             Slain by an orc warrior
             ... wielding a +0 trident
              (20 damage)
             ... on level 9 of the Dungeon.
             The game lasted 01:16:23 (14138 turns).

glueburn the Geomancer (Troll Earth Elementalist)  Turns: 14138, Time: 01:16:23

Health: 0/72       AC: 14    Str: 18    XL:     10   Next: 68%
Magic:  13/13      EV: 10    Int: 14    God:    Hepliaklqana [***...]
Gold:   527        SH:  0    Dex: 10    Spells: 4/15 levels left

rFire    + . .     SeeInvis .   D - +2 dagger (protect)
rCold    . . .     Faith    .   (no shield)
rNeg     . . .     Spirit   .   c - +1 robe
rPois    .         Reflect  .   (helmet restricted)
rElec    .         Harm     .   m - scarf {repulsion}
rCorr    .         Rampage  .   (gloves unavailable)
MR       +....                  (boots unavailable)
Stlth    +.........             (no amulet)
HPRegen  0.62/turn              B - ring of protection from magic
MPRegen  0.13/turn              E - ring of protection from fire

@: protection aura, repel missiles
A: large, unfitting armour, reduced essence, claws 3, regeneration 1, shaggy fur
1, tough skin 3
a: Recall Ancestor, Ancestor Identity, Transference, Renounce Religion


You were on level 9 of the Dungeon.
You worshipped Hepliaklqana.
Hepliaklqana was most pleased with you.
You visited 2 branches of the dungeon, and saw 10 of its levels.

You collected 527 gold pieces.

Inventory:

Hand Weapons
 a - a +0 dagger
 h - a +0 dagger of venom
 j - a +1 flail of protection
 p - a cursed -2 hunting sling
 t - a +0 whip of flaming
 x - a +0 vorpal spear
 D - a +2 dagger of protection (weapon)
 H - a +2 short sword
 O - a +3 flail
 T - a +3 falchion
Missiles
 b - 129 stones (quivered)
Armour
 c - a +1 robe (worn)
 g - a +0 pair of boots
 m - a scarf of repulsion (worn)
 r - a +0 kite shield
Jewellery
 l - an uncursed ring of protection from magic
 B - a ring of protection from magic (left claw)
 E - a ring of protection from fire (right claw)
 R - a +4 ring of protection {unknown}
Wands
 q - a wand of flame (3)
 v - a wand of random effects (35)
 J - a wand of digging (3)
 K - a wand of enslavement (13)
Scrolls
 d - 6 scrolls of magic mapping
 f - 7 scrolls of identify
 k - 5 scrolls of enchant weapon {unknown}
 o - 2 scrolls of enchant armour
 s - a scroll of noise {unknown}
 w - 4 scrolls of remove curse
 y - a scroll of immolation {unknown}
 C - 2 scrolls of teleportation
 F - a scroll of vulnerability {unknown}
 I - 2 scrolls of amnesia {unknown}
 L - a scroll of fear {unknown}
 N - a scroll of fog
Potions
 e - a potion of mutation {unknown}
 i - a potion of brilliance {unknown}
 n - 4 potions of curing
 u - 2 potions of flight
 z - a potion of berserk rage {unknown}
 A - 2 potions of lignification {unknown}
 G - 2 potions of ambrosia {unknown}
 M - a potion of heal wounds
 P - 2 potions of haste
 Q - a potion of invisibility
 S - a potion of stabbing


   Skills:
 - Level 3.0 Dodging
 - Level 1.0 Stealth
 - Level 3.3 Spellcasting
 * Level 7.7 Conjurations
 - Level 0.6 Transmutations
 * Level 10.8 Earth Magic


You had 4 spell levels left.
You knew the following spells:

 Your Spells              Type           Power        Failure   Level
a - Sandblast             Erth           ####..       1%          1
b - Stone Arrow           Conj/Erth      ####..       1%          3
c - Passwall              Tmut/Erth      ###.....     3%          2
d - Lee's Rapid Deconstr  Erth           ####......   7%          5

Your spell library contained the following spells:

 Spells                   Type           Power        Failure   Level
 Petrify                  Tmut/Erth      ###.....     21%         4
 Summon Small Mammal      Summ           #...         22%         1


Dungeon Overview and Level Annotations

Branches:
Dungeon (9/15)             Temple (1/1) D:4             Orc (0/2) D:9
   Lair: D:8-11

Altars:
Ashenzari
Cheibriados
Dithmenos
Elyvilon
Fedhas
Gozag
Hepliaklqana
Kikubaaqudgha
Makhleb
Nemelex Xobeh
Okawaru
Qazlal
Ru
Sif Muna
Trog
Uskayaw
Vehumet
Wu Jian
Xom
Yredelemnul
Zin
The Shining One

Shops:
D:8 }

Annotations:
D:5 2 runed translucent doors, zarzak's ghost, novice OpFi
D:9 1 runed translucent door


Innate Abilities, Weirdness & Mutations

You are too large for most types of armour.
You have claws for hands.
Your natural rate of healing is unusually fast.
You are covered in fur. (AC +1)
You have extremely tough skin. (AC +3)
Your life essence is reduced to manifest your ancestor. (-10% HP)


Message History

Your weapon exudes an aura of protection.
The ogre hits you with a +0 giant club!!
The orc warrior closely misses you.
You barely miss the orc warrior.
The orc warrior hits you with a +0 trident!
The ogre hits you but does no damage.
You closely miss the orc warrior.
Leo gestures at the orc warrior while chanting.
The stone arrow hits the ogre!
You hit the orc warrior but do no damage.
The ogre barely misses you.
The orc warrior hits you with a +0 short sword.
* * * LOW HITPOINT WARNING * * *
The orc warrior barely misses you.
Leo hits the ogre with a +0 quarterstaff!
You hit the orc warrior but do no damage.
The ogre barely misses you.
The orc warrior hits you but does no damage.
The orc warrior hits you with a +0 trident!!
You die...

#....>...# #....#.
#...)....# ##...#.
#.......###########.
#.......##...## #.
#.......##....# #.
#.............# #.
#######R#[........#
#.
#8..O8#O#.........#
#.
#.O.o.#@#.........#
#.
#..>..oo#.........#
#.
#.....#[#.#########
#. #8...8#.#.# ##
##### #.#g# #...#
#####


You could see the friendly Leo the battlemage, 2 orc warriors and an ogre.

Vanquished Creatures
  2 ice beasts
  A black bear (D:8)
  An orc warrior (D:6)
  An eye of draining (D:8)
  A sky beast (D:9)
  6 ogres
  4 lemures
  A big kobold (D:9)
  Blork the orc (D:4)
  2 bullfrogs
  6 wights
  A bullfrog zombie (D:4)
  A centaur zombie (D:8)
  4 orc priests
  A jelly (D:5)
  A centaur skeleton (D:5)
  7 hounds
  Natasha (thrice) (D:4)
  3 iguanas
  4 orc wizards
  4 worker ants
  2 hound zombies
  2 hound skeletons
  A worker ant zombie (D:4)
  3 gnolls
  7 adders
  2 white imps
  An ooze (D:6)
  An adder zombie (D:4)
  An adder skeleton (D:4)
  A worm (D:2)
  10 dart slugs (D:3)
  3 leopard geckos
  19 orcs
  2 ball pythons
  6 bats
  2 giant cockroaches
  A goblin (D:1)
  5 hobgoblins
  4 jackals (D:1)
  3 kobolds (D:9)
  8 quokkas
  3 frilled lizards
  A giant cockroach zombie (D:6)
  A jackal skeleton (D:5)
  A quokka zombie (D:6)
  7 rats
152 creatures vanquished.

Vanquished Creatures (collateral kills)
  Pikel (Temple)
  A troll (D:9)
  Prince Ribbit (D:8)
  A black bear (D:6)
  2 sky beasts (D:7)
  5 orc warriors
  3 ice beasts
  2 necrophages (D:9)
  4 ogres
  A phantom (D:8)
  A centaur (D:9)
  A big kobold (D:9)
  4 bullfrogs
  A gnoll sergeant (D:9)
  A scorpion (D:7)
  8 killer bees
  2 wights (D:7)
  A bullfrog zombie (D:8)
  6 orc wizards
  A hound (D:9)
  An orc priest (D:7)
  2 bullfrog skeletons
  A worker ant zombie (D:8)
  A howler monkey zombie (D:7)
  2 gnolls (D:5)
  An adder (D:7)
  A white imp (D:6)
  An adder zombie (D:5)
  2 leopard geckos
  9 orcs
  A giant cockroach (D:5)
  3 kobolds (D:9)
  A quokka (D:8)
  A jackal zombie (D:7)
74 creatures vanquished.

Vanquished Creatures (others)
  2 battlemagi (D:9)
  5 ancestors
  3 withered plants (D:4)
10 creatures vanquished.

Grand Total: 236 creatures vanquished

Notes
Turn   | Place    | Note
-------+----------+-------------------------------------------
     0 | D:1      | glueburn the Troll Earth Elementalist began the quest for
                  | the Orb.
     0 | D:1      | Reached XP level 1. HP: 16/16 MP: 1/1
    90 | D:1      | Reached skill level 3 in Earth Magic
   128 | D:1      | Reached XP level 2. HP: 21/24 MP: 3/3
   934 | D:2      | Reached XP level 3. HP: 31/31 MP: 1/4
  1693 | D:3      | Reached XP level 4. HP: 39/39 MP: 0/5
  1871 | D:3      | Learned a level 3 spell: Stone Arrow
  1874 | D:3      | Learned a level 2 spell: Passwall
  2112 | D:3      | Found a stormy altar of Qazlal.
  2288 | D:3      | Reached skill level 4 in Earth Magic
  2309 | D:4      | Reached XP level 5. HP: 14/45 MP: 1/6
  2390 | D:4      | Noticed a lemure
  2390 | D:4      | Noticed a lemure
  2390 | D:4      | Noticed a lemure
  2391 | D:4      | Noticed a lemure
  2391 | D:4      | Noticed Pikel
  2392 | D:4      | Noticed an ogre
  2419 | D:3      | Killed a lemure
  2544 | D:4      | Reached skill level 1 in Conjurations
  2701 | D:4      | Noticed Natasha
  2711 | D:4      | Reached XP level 6. HP: 53/53 MP: 6/8
  2716 | D:4      | Killed Natasha
  2859 | D:4      | Noticed Natasha
  2871 | D:4      | Killed Natasha
  2871 | D:4      | Reached skill level 5 in Earth Magic
  2902 | D:4      | Noticed Natasha
  2910 | D:4      | Killed Natasha
  2964 | D:4      | Reached XP level 7. HP: 59/59 MP: 5/9
  3002 | D:4      | Noticed Blork the orc
  3025 | D:4      | Killed Blork the orc
  3121 | D:4      | Found a staircase to the Ecumenical Temple.
  3136 | Temple   | Entered the Ecumenical Temple
  3372 | Temple   | Became a worshipper of Hepliaklqana the Forgotten
  4476 | D:4      | Found a bloodstained altar of Trog.
  4529 | D:4      | Reached skill level 6 in Earth Magic
  4685 | D:5      | Entered Level 5 of the Dungeon
  5016 | Temple   | Killed Pikel
  5016 | Temple   | Reached XP level 8. HP: 41/60 MP: 4/11
  5108 | D:5      | Reached skill level 7 in Earth Magic
  5159 | D:5      | Learned a level 5 spell: Lee's Rapid Deconstruction
  5550 | D:5      | Found an ornate altar of the Wu Jian Council.
  5668 | D:5      | Found an opulent altar of Gozag.
  5668 | D:5      | Found a glowing silver altar of Zin.
  5697 | D:5      | Found a basalt altar of Yredelemnul.
  5710 | D:5      | Reached * piety under Hepliaklqana
  5748 | D:5      | Found a runed translucent door.
  5749 | D:5      | Noticed zarzak's ghost (novice OpFi)
  5799 | D:5      | Found a runed translucent door.
  6180 | D:6      | Found a broken altar of Ashenzari.
  6818 | D:6      | Reached skill level 8 in Earth Magic
  6818 | D:6      | Reached XP level 9. HP: 34/66 MP: 12/12
  7061 | D:6      | Found an iron altar of Okawaru.
  7402 | D:7      | Found a hide-covered altar of Uskayaw.
  7402 | D:7      | Noticed a +0 hand axe
  7402 | D:7      | Noticed a +0 hand axe
  7405 | D:7      | Reached skill level 5 in Conjurations
  8381 | D:7      | Reached ** piety under Hepliaklqana
  8383 | D:7      | Remembered your ancestor Leo as a battlemage
  8469 | D:7      | Found a shadowy altar of Dithmenos.
  8635 | D:7      | Reached skill level 9 in Earth Magic
 11573 | D:8      | Noticed Prince Ribbit
 11578 | D:8      | Killed Prince Ribbit
 11578 | D:8      | Reached XP level 10. HP: 72/72 MP: 8/13
 11877 | D:8      | Found Monaowku's Gadget Shoppe.
 12340 | D:8      | Reached *** piety under Hepliaklqana
 12455 | D:8      | Found an ancient bone altar of Kikubaaqudgha.
 12475 | D:8      | Found a shimmering blue altar of Sif Muna.
 12488 | D:8      | Identified Sif Muna's Collected Works on the Escort
 12517 | D:8      | Found a radiant altar of Vehumet.
 12768 | D:9      | Reached skill level 10 in Earth Magic
 12867 | D:9      | Found a burning altar of Makhleb.
 12901 | D:9      | Found a runed translucent door.
 12922 | D:9      | Found a broken altar of Ashenzari.
 13162 | D:9      | Found a staircase to the Orcish Mines.
 14138 | D:9      | Slain by an orc warrior

Illustrated notes

Levels and vault maps discovered:
D:1:      lightli_arrival_boilingwater, layout_basic
D:2:      layout_loops_ring, serial_forest, infiniplex_forest_join,
          infiniplex_forest_zigzag_2, infiniplex_forest_lined_3,
          infiniplex_forest_clump_tiny, infiniplex_forest_clump_double
D:3:      kennysheep_slugbush, layout_basic, lemuel_coloured_pillars_altar
D:4:      layout_basic, lemuel_crystal_altar, minmay_temple_entry_mini_moons,
          serial_undead, serial_undead_c, serial_undead_b, serial_undead_d,
          serial_undead_b, uniq_natasha, uniq_blork_the_orc, uniq_pikel
D:5:      layout_basic, grunt_temple_overflow_gold_and_silver,
          marbit_many_paths, kennysheep_little_box, ebering_ghost_sewer_f
D:6:      layout_gridville, ashenzari_conservatory_becter,
          okawaru_ov_weapons_minmay, minmay_misc_feat_square
D:7:      layout_cave_pools, nicolae_dithmenos_shadow_blocks,
          dancing_weapons_uskayaw
D:8:      layout_layer_cave, palyth_temple_overflow_mages, serial_shops,
          kennysheep_mini, uniq_prince_ribbit1
D:9:      gammafunk_indiana_jones, layout_gridville,
          kennysheep_orc_monster_closet_entryway, basic_altar,
          grunt_ministairs_1, makhleb_heckhound_becter
Temple:   nicolae_temple_figure_zero

Skill      XL: |  1  2  3  4  5  6  7  8  9 10 |
---------------+-------------------------------+-----
Earth Magic    | 3 4 5 6 8 9 10 | 10.8
Dodging        | 2 3 |  3.0
Spellcasting   | 2 3 |  3.3
Conjurations   | 1 3 4 6 7 |  7.7
Stealth        | |  1.0
Transmutations | |  0.6

Action                   |  1- 3 |  4- 6 |  7- 9 | 10-12 || total
-------------------------+-------+-------+-------+-------++-------
Melee: Unarmed           |    64 |   119 |   103 |       ||   286
       Flail             |       |       |   115 |       ||   115
       Dagger            |       |       |    65 |   162 ||   227
 Cast: Sandblast         |    32 |    58 |    92 |    17 ||   199
       Stone Arrow       |       |       |    24 |    19 ||    43
       Lee's Rapid Decon |       |       |     3 |     3 ||     6
Invok: Ancestor Identity |       |       |     2 |       ||     2
       Recall Ancestor   |       |       |     1 |       ||     1
       Ancestor Life: Ba |       |       |     1 |       ||     1
Evoke: Wand              |       |       |     1 |       ||     1
  Use: Scroll            |     1 |     5 |     2 |       ||     8
       Potion            |       |     1 |     8 |       ||     9
 Stab: Sleeping          |     1 |       |     1 |     1 ||     3
       Invisible         |       |       |     1 |       ||     1
       Distracted        |       |       |     2 |       ||     2
Armor: Robe              |    27 |    46 |   164 |    67 ||   304
Dodge: Dodged            |    33 |    76 |   205 |    97 ||   411
       Repelled          |     6 |     1 |     3 |     1 ||    11

Table legend: (Time is in decaauts)
 A = Elapsed time spent in this place.
 B = Non-inter-level travel time spent in this place.
 C = Inter-level travel time spent in this place.
 D = Time resting spent in this place.
 E = Time spent auto-exploring this place.
 F = Levels seen in this place.
 G = Mean time per level.
                   A        B        C        D        E       F      G
               +--------+--------+--------+--------+--------+-----+--------+
         Total |  14217 |  13770 |    447 |   5996 |   4752 |  10 | 1421.7 |
       Dungeon |  13800 |  13383 |    417 |   5924 |   4649 |   9 | 1533.3 |
        Temple |    417 |    387 |     30 |     72 |    103 |   1 |  417.0 |
               +--------+--------+--------+--------+--------+-----+--------+

Top non-repeatable levels by time:
     D:7: 2738 daAuts
     D:8: 2305 daAuts
     D:6: 2153 daAuts
     D:3: 1687 daAuts
     D:4: 1550 daAuts
     D:5: 1085 daAuts
     D:9: 843 daAuts
     D:2: 731 daAuts
     D:1: 702 daAuts
  Temple: 417 daAuts
